 Dungeon Crawl Stone Soup version 0.30-a0-51-g784eafce7f (webtiles) character file.

Game seed: 5240525221622224500

217 BritishOli the Trooper (level 5, 0/42 HPs)
             Began as a Demonspawn Fighter on Sept 6, 2022.
             Slain by a gnoll
             ... wielding a +0 spear
             ... led by a gnoll sergeant
              (2 damage)
             ... on level 5 of the Dungeon.
             The game lasted 00:02:10 (3681 turns).

BritishOli the Trooper (Demonspawn Fighter)         Turns: 3681, Time: 00:02:11

Health: 0/42       AC:  6    Str: 18    XL:     5   Next: 62%
Magic:  5/5        EV:  9    Int: 10    God:
Gold:   222        SH:  8    Dex: 12    Spells: 4/4 levels left

rFire   . . .      SeeInvis .    a - +0 long sword
rCold   . . .      Faith    .    c - +0 buckler
rNeg    . . .      Spirit   .    b - +0 scale mail
rPois   .          Reflect  .    (no helmet)
rElec   .          Harm     .    (no cloak)
rCorr   .          Rampage  .    (no gloves)
Will    .....                    (no boots)
Stlth   ..........               (no amulet)
HPRegen 0.14/turn                (no ring)
MPRegen 0.09/turn                (no ring)

@: lethally poisoned (0 -> -16)
A: spiny 1, condensation shield
a: no special abilities


You were on level 5 of the Dungeon.
You visited 1 branch of the dungeon, and saw 5 of its levels.

You collected 222 gold pieces.

Inventory:

Hand Weapons
 a - a +0 long sword (weapon)
Armour
 b - a +0 scale mail (worn)
 c - a +0 buckler (worn)
Jewellery
 g - a ring of fire
 k - a ring of protection from fire
Wands
 l - a wand of flame (10)
Scrolls
 e - 5 scrolls of teleportation {unknown}
 i - 4 scrolls of identify {unknown}
 j - a scroll of poison {unknown}
 n - a scroll of enchant weapon {unknown}
Potions
 d - 2 potions of might
 f - 2 potions of curing {unknown}
 h - 2 potions of degeneration {unknown}
 m - a potion of brilliance {unknown}
 o - a potion of haste
 p - 2 potions of heal wounds {unknown}
 q - 2 potions of flight {unknown}
 r - a potion of attraction {unknown}


   Skills:
 + Level 4.1 Fighting
 + Level 3.0 Long Blades
 + Level 3.6 Armour
 + Level 3.7 Shields


You had 4 spell levels left.
You didn't know any spells.
Your spell library contained the following spells:

 Spells                   Type           Power      Damage    Failure   Level
 Blink                    Tloc           0%         N/A       93%         2
 Lesser Beckoning         Tloc           0%         N/A       99%         3
 Manifold Assault         Tloc           0%         N/A       100%        5


Dungeon Overview and Level Annotations

Branches:
Dungeon (5/15)
 Temple: D:4-7

Altars:
Yredelemnul

Shops:
D:2 *   D:3 ?


Innate Abilities, Weirdness & Mutations

You are partially covered in sharp spines.
A meltable shield of frost defends you. (SH +4)


Message History

You kill the orc!
There are monsters nearby!
There are monsters nearby!
(D) Dungeon
Where to? (Enter - D:4, ? - help)
There are monsters nearby!
The orc attacks as you move away! The orc is struck by your spines.
The orc hits you but does no damage.
There is a stone staircase leading down here.
The orc hits you with a +0 club.
You climb downwards.
The gnoll shouts! x3
Found 11 gold pieces.
There is a stone staircase leading up here.
You block the orc's attack.
The gnoll sergeant hits you from afar with a +5 spear of venom!
You are poisoned.
The gnoll barely misses you.
You feel very sick. The orc is struck by your spines.
The orc barely misses you. The gnoll barely misses you.
The gnoll closely misses you. You block the gnoll sergeant's attack.
You feel sick. You block the orc's attack. You block the gnoll's attack.
The gnoll closely misses you. You block the gnoll's attack.
The gnoll sergeant hits you from afar with a +5 spear of venom!
You are lethally poisoned!
* * * LOW HITPOINT WARNING * * *
You feel very sick. The orc is struck by your spines.
You kill the orc!
The gnoll sergeant barely misses you. The gnoll barely misses you.
The gnoll closely misses you. The gnoll hits you but does no damage.
* * * LOW HITPOINT WARNING * * *
You feel very sick. The gnoll closely misses you.
The gnoll is struck by your spines. The gnoll hits you with a +0 flail.
* * * LOW HITPOINT WARNING * * *
The gnoll sergeant barely misses you.
The gnoll hits you from afar with a +0 spear.
You die... ...... ##..... ...$.. ..... # #gg. ... #gg

.....##.#
#..g@#
#....g.)#
#.......#
.....#.##
######.
#. ##


You could see a gnoll sergeant and 5 gnolls.

Vanquished Creatures
  Jessica (D:2)
  3 orc wizards (D:4)
  Robin (D:2)
  3 adders
  A worm (D:2)
  2 dart slugs
  9 orcs
  6 endoplasms
  15 goblins
  5 hobgoblins
  6 quokkas
  2 ball pythons
  6 bats
  4 frilled lizards
  8 kobolds
  8 rats
80 creatures vanquished.

Vanquished Creatures (others)
  48 fungi (D:4)
48 creatures vanquished.

Grand Total: 128 creatures vanquished

Notes
Turn   | Place    | Note
-------+----------+-------------------------------------------
     0 | D:1      | BritishOli the Demonspawn Fighter began the quest for the
                  | Orb.
     0 | D:1      | Reached XP level 1. HP: 18/18 MP: 1/1
  1041 | D:2      | Gained mutation: A meltable shield of frost defends you.
                  | (SH +4) [demonic ancestry]
  1041 | D:2      | Reached XP level 2. HP: 22/24 MP: 2/2
  1234 | D:2      | Gained mutation: You are partially covered in sharp spines.
                  | [demonic ancestry]
  1234 | D:2      | Reached XP level 3. HP: 24/29 MP: 3/3
  1388 | D:2      | Noticed Jessica
  1396 | D:2      | Killed Jessica
  1582 | D:2      | Reached XP level 4. HP: 26/35 MP: 4/4
  2047 | D:2      | Noticed Robin
  2069 | D:2      | Killed Robin
  2194 | D:2      | Found Zusoof's Assorted Antiques.
  2711 | D:3      | Found a faded altar of an unknown god.
  2920 | D:3      | Found a basalt altar of Yredelemnul.
  3243 | D:3      | Found Jikhaeh's Magic Scroll Shoppe.
  3301 | D:4      | Reached XP level 5. HP: 42/42 MP: 5/5
  3352 | D:4      | Reached skill level 4 in Fighting
  3676 | D:5      | Entered Level 5 of the Dungeon
  3681 | D:5      | HP: 2/42 [gnoll/+0 flail[a gnoll sergeant] (4)]
  3681 | D:5      | Slain by a gnoll

Illustrated notes

Levels and vault maps discovered:
D:1:      minmay_arrival_loop, layout_basic, serial_glass, glass_columns_a,
          glass_columns_b, interstate_on_off
D:2:      minmay_diamond_boxcup, layout_basic, serial_shops, shop,
          minmay_tall_x, uniq_robin, uniq_jessica
D:3:      layout_basic, mainiacjoe_overflow_cross_hatched, serial_shops,
          shop_fountains, hellmonk_ecumenical_altar_heavens_door
D:4:      minmay_clustersquares, layout_basic,
          mainiacjoe_overflow_catch_the_wave, glass_columns_a,
          kennysheep_potato, uniq_edmund, uniq_blork_the_orc, uniq_sigmund
D:5:      layout_loops_cross, lemuel_doored_altar, mainiacjoe_overflow_alcove_2,
          minmay_temple_entry_poolview

Skill      XL: |  1  2  3  4  5 |
---------------+----------------+-----
Long Blades    | 2 3 |  3.0
Shields        | 3 |  3.7
Armour         | 3 |  3.6
Fighting       | 4 |  4.1

Action                   |  1- 3 |  4- 6 || total
-------------------------+-------+-------++-------
Melee: Long sword        |    62 |    88 ||   150
Armor: Scale mail        |    21 |    50 ||    71
Dodge: Dodged            |    20 |    46 ||    66
Block: Buckler           |    25 |    71 ||    96

Table legend: (Time is in decaauts)
 A = Elapsed time spent in this place.
 B = Non-inter-level travel time spent in this place.
 C = Inter-level travel time spent in this place.
 D = Time resting spent in this place.
 E = Time spent auto-exploring this place.
 F = Levels seen in this place.
 G = Mean time per level.
                   A        B        C        D        E       F      G
               +--------+--------+--------+--------+--------+-----+--------+
         Total |   3728 |   3576 |    152 |    134 |   2893 |   5 |  745.6 |
       Dungeon |   3728 |   3576 |    152 |    134 |   2893 |   5 |  745.6 |
               +--------+--------+--------+--------+--------+-----+--------+

Top non-repeatable levels by time:
     D:2: 1738 daAuts
     D:1: 998 daAuts
     D:3: 583 daAuts
     D:4: 404 daAuts
     D:5: 4 daAuts
